 Dungeon Crawl Stone Soup version 0.27-a0-1081-ge8a0a9c698 (webtiles) character file.

Game seed: 3443130454704832177

11 shoop the Shooter (level 2, 21/22 HPs)
             Began as a Human Hunter on Apr 25, 2021.
             Got out of the dungeon alive.
             The game lasted 00:00:34 (640 turns).

shoop the Shooter (Human Hunter)                     Turns: 640, Time: 00:00:34

Health: 21/22      AC:  3    Str: 12    XL:     2   Next: 35%
Magic:  2/2        EV: 11    Int: 11    God:
Gold:   10         SH:  0    Dex: 13    Spells: 1/1 levels left

rFire    . . .     SeeInvis .   b - +0 short sword
rCold    . . .     Faith    .   (no shield)
rNeg     . . .     Spirit   .   c - +0 leather armour
rPois    .         Reflect  .   (no helmet)
rElec    .         Harm     .   (no cloak)
rCorr    .         Rampage  .   (no gloves)
Will     .....                  (no boots)
Stlth    +.........             (no amulet)
HPRegen  0.07/turn              (no ring)
MPRegen  0.08/turn              (no ring)

@: no status effects
A: no striking features
a: no special abilities


You escaped.
You visited 1 branch of the dungeon, and saw 1 of its levels.

You collected 10 gold pieces.

Inventory:

Hand Weapons
 a - a +1 shortbow
 b - a +0 short sword (weapon)
Missiles
 d - 20 arrows
 e - 4 boomerangs (quivered)
Armour
 c - a +0 leather armour (worn)


   Skills:
 - Level 2.0 Fighting
 + Level 4.5 Bows
 - Level 2.0 Dodging
 - Level 1.0 Stealth


You had one spell level left.
You didn't know any spells.
Your spell library was empty.

Dungeon Overview and Level Annotations

Branches:
Dungeon (1/15)

Altars:


Message History

The giant cockroach completely misses you.
The giant cockroach bites you.
You hit the giant cockroach.
You kill the giant cockroach!
No target in view!
No target in view!
A hobgoblin comes into view.
The hobgoblin shouts!
The hobgoblin closely misses you.
Found a stone staircase leading down.
You closely miss the hobgoblin. The hobgoblin barely misses you.
You hit the hobgoblin but do no damage. The hobgoblin hits you.
You closely miss the hobgoblin.
The hobgoblin hits you but does no damage.
You hit the hobgoblin.
The hobgoblin is severely wounded.
The hobgoblin barely misses you.
You closely miss the hobgoblin.
The hobgoblin is severely wounded.
The hobgoblin barely misses you.
You closely miss the hobgoblin.
The hobgoblin is severely wounded.
The hobgoblin barely misses you.
You hit the hobgoblin but do no damage.
The hobgoblin is severely wounded.
The hobgoblin hits you.
You completely miss the hobgoblin.
The hobgoblin is severely wounded.
The hobgoblin barely misses you.
You hit the hobgoblin.
You kill the hobgoblin!
No target in view!
No target in view!
There is an escape hatch in the floor here.
You see here a hobgoblin skeleton.
You open the door.
There is an open door here.
There is a staircase leading out of the dungeon here.
Are you sure you want to leave the Dungeon?
This will make you lose the game!
You have escaped!

#.# #.# ........#.# #.#
#.# #########.# ... ...
#.# #.# .###########.##
#.# ..............##
++++++.####...##
+....+.# #.....#
+....+.# ##...##
+.@..'.####..## #.
+....+..)....######
#...++'+++.####........
###........# #########
#............#
#.##...##.#..#
#.#.#.#.#..###
..............#######
#...#.#.#............###


There were no monsters in sight!

Vanquished Creatures
  A giant cockroach (D:1)
  3 hobgoblins (D:1)
  2 jackals (D:1)
  3 ball pythons (D:1)
9 creatures vanquished.

Notes
Turn   | Place    | Note
-------+----------+-------------------------------------------
     0 | D:1      | shoop the Human Hunter began the quest for the Orb.
     0 | D:1      | Reached XP level 1. HP: 16/16 MP: 1/1
   349 | D:1      | Reached XP level 2. HP: 21/22 MP: 2/2
   640 | D:$      | Got out of the dungeon alive.

Illustrated notes

Levels and vault maps discovered:
D:1:      lightli_arrival_maybe_door_vault, layout_loops_ring,
          hellmonk_ecumenical_altar_inner_sanctum, chequers_jeans, minmay_cupped

Action                   || total
-------------------------++-------
Melee: Short sword       ||    45
Armor: Leather armour    ||     7
Dodge: Dodged            ||    27

Table legend: (Time is in decaauts)
 A = Elapsed time spent in this place.
 B = Non-inter-level travel time spent in this place.
 C = Inter-level travel time spent in this place.
 D = Time resting spent in this place.
 E = Time spent auto-exploring this place.
 F = Levels seen in this place.
 G = Mean time per level.
                   A        B        C        D        E       F      G
               +--------+--------+--------+--------+--------+-----+--------+
         Total |    644 |    578 |     66 |    264 |    242 |   1 |  644.0 |
       Dungeon |    644 |    578 |     66 |    264 |    242 |   1 |  644.0 |
               +--------+--------+--------+--------+--------+-----+--------+

Top non-repeatable levels by time:
     D:1: 644 daAuts
